Map: 10000 Feet LE

Players

漫长

  • Race: Terran Terran
  • League: Grandmaster

llllllllllll - Winner!

  • Race: Protoss Protoss
  • League: Diamond

VOD

Have the link to the VOD?

Description

Time

  • Played on: Jan. 19, 2026, 10:44 p.m.
  • Length: 8:47
Show
View Real Time Build Order
Export as new Build Order

漫长 Terran 

Build Orders:  

Get SALT Encoding   

  12  0:00  SCV  
  13  0:12  SCV  
  14  0:16  Supply Depot  
  14  0:24  SCV  
  15  0:38  SCV  
  15  0:40  Barracks  
  16  0:44  Refinery  
  16  0:50  SCV  
  16  0:52  Refinery  
  17  1:02  SCV  
  18  1:14  SCV  
  19  1:27  Reaper, Orbital Command, Supply Depot  
  20  1:41  Factory  
  20  1:52  SCV  
  21  1:59  Reaper  
  22  2:04  SCV  
  23  2:17  Command Center  
  23  2:20  SCV  
  24  2:25  Hellion  
  26  2:32  Supply Depot  
  26  2:33  SCV  
  26  2:36  Reaper  
  28  2:49  Hellion  
  30  2:52  SCV  
  30  2:56  Starport  
  31  3:04  SCV  
  32  3:10  Barracks Reactor  
  32  3:11  Factory Tech Lab  
  32  3:16  SCV  
  33  3:25  Bunker  
  33  3:28  SCV  
  33  3:29  Cyclone  
  37  3:41  Orbital Command, SCV  
  38  3:42  Starport Tech Lab  
  38  3:49  Marine x2  
  40  4:00  SCV  
  40  4:02  Cloaking Field, Banshee  
  44  4:06  SCV  
  45  4:12  SCV  
  46  4:19  SCV, Marine x2, Siege Tank  
  46  4:22  Supply Depot  
  52  4:24  SCV  
  52  4:31  SCV, Supply Depot  
  54  4:36  Barracks  
  54  4:38  Barracks  
  54  4:42  Supply Depot  
  54  4:43  SCV  
  54  4:44  SCV  
  56  4:46  Banshee  
  59  4:55  Siege Tank, Marine x2  
  59  4:56  SCV  
  59  4:57  SCV  
  66  5:01  Engineering Bay  
  66  5:08  SCV  
  66  5:09  Supply Depot  
  67  5:15  SCV  
  67  5:17  Refinery  
  67  5:18  Refinery  
  67  5:19  Marine, Supply Depot  
  67  5:20  SCV  
  70  5:27  SCV  
  71  5:30  Missile Turret  
  51  6:35  Starport Reactor  
  39  7:16  Viking  
  39  7:20  Viking  
  39  7:21  Orbital Command  
  20  7:46  Viking  
  17  8:33  SCV  
Show
View Real Time Build Order
Export as new Build Order

llllllllllll Protoss - Winner!

Build Orders: Carrier Rush 

Get SALT Encoding   

  12  0:00  Probe  
  13  0:12  Probe  
  14  0:17  Pylon  
  14  0:23  Probe  
  15  0:32  Probe  
  15  0:37  Gateway  
  15  0:40  Probe  
  16  0:46  Assimilator  
  17  0:51  Probe  
  17  0:55  Assimilator  
  18  1:03  Probe  
  19  1:06  Pylon  
  19  1:15  Probe  
  20  1:25  Cybernetics Core  
  20  1:27  Probe  
  20  1:32  Zealot  
  23  1:44  Probe  
  24  1:56  Probe  
  24  2:00  Stalker  
  25  2:01  Stargate  
  27  2:10  Shield Battery  
  27  2:47  Fleet Beacon  
  25  2:58  Shield Battery  
  25  3:03  Protoss Air Weapons Level 1  
  25  3:16  Pylon  
  25  3:18  Carrier  
  31  3:44  Nexus  
  31  4:03  Carrier  
  37  4:31  Nexus  
  37  4:49  Pylon  
  37  4:52  Carrier  
  43  5:27  Assimilator  
  39  6:13  Probe  
  39  6:14  Forge  
  39  6:16  Shield Battery  
  38  6:25  Probe  
  35  7:11  Probe  
  36  7:23  Probe  
  37  7:35  Probe  
  32  7:39  Probe  
  26  7:47  Probe x2  
  28  7:59  Probe  
  28  8:03  Photon Cannon  
  28  8:05  Probe, Pylon  
  30  8:09  Probe  
  29  8:21  Probe  
  29  8:31  Probe  
Tags
 
Add a new tag
Caveats
  • Supply blocks, unpowered buildings, or Contaminate may cause inaccurate times.
  • Supply counts are checked every 10 seconds.